 Dungeon Crawl Stone Soup version 0.24.0-123-gd5b16e6ec5 (webtiles) character file.

Game seed: 3316421781342945289, levelgen mode: deterministic

21 vurker the Gusty (level 2, 0/12 HPs)
             Began as a Felid Air Elementalist on Dec 18, 2019.
             Slain by a gnoll
             ... wielding a cursed -2 flail
              (12 damage)
             ... on level 2 of the Dungeon.
             The game lasted 00:03:23 (1415 turns).

vurker the Gusty (Felid Air Elementalist)           Turns: 1415, Time: 00:03:25

Health: 0/12       AC:  1    Str:  4    XL:     2   Next: 62%
Magic:  0/6        EV: 18    Int: 16    God:
Gold:   74         SH:  0    Dex: 16    Spells: 4/5 levels left
                                        Lives:  0   Deaths: 0

rFire    . . .     SeeInvis +   (weapon unavailable)
rCold    . . .     Gourm    .   (shield unavailable)
rNeg     . . .     Faith    .   (armour unavailable)
rPois    .         Spirit   .   (helmet unavailable)
rElec    .         Reflect  .   (cloak unavailable)
rCorr    .         Harm     .   (gloves unavailable)
MR       .....                  (boots unavailable)
Stlth    +++.......             (no amulet)
HPRegen  0.04/turn              (no ring)
MPRegen  0.10/turn              (no ring)

@: very slightly contaminated, quick
A: very small, no armour, no weapons or thrown items, stealth, claws 1, fangs 3,
see invisible, carnivore, speed 1, shaggy fur 1, slow metabolism 1, sharp paws
a: no special abilities


You were on level 2 of the Dungeon.
You were completely stuffed.

You visited 1 branch of the dungeon, and saw 2 of its levels.

You collected 74 gold pieces.

Inventory:

Jewellery
 h - a +6 ring of dexterity {unknown}
   (You found it on level 1 of the Dungeon)
Scrolls
 a - 2 scrolls of identify {unknown}
 i - a scroll of blinking {unknown}
 l - a scroll of enchant armour {unknown}
 m - a scroll of teleportation {unknown}
Potions
 b - a potion of flight {unknown}
 c - 5 potions of curing {unknown}
 f - a potion of invisibility {unknown}
 g - a potion of ambrosia {unknown}
 j - a potion of haste {unknown}
 k - a potion of resistance {unknown}
Comestibles
 d - 2 chunks of flesh
 e - 4 rations


   Skills:
 + Level 0.6 Fighting
 + Level 2.9 Dodging
 - Level 2.6 Stealth
 * Level 2.2 Spellcasting
 * Level 1.4 Conjurations
 * Level 2.9 Air Magic


You had 4 spell levels left.
You knew the following spells:

 Your Spells              Type           Power        Failure   Level  Hunger
a - Shock                 Conj/Air       #...         9%          1    #......

Your spell library contained the following spells:

 Spells                   Type           Power        Failure   Level  Hunger
 Swiftness                Chrm/Air       #.......     17%         2    ###....
 Static Discharge         Conj/Air       #.......     26%         3    ###....
 Airstrike                Air            ##........   52%         4    #####..
 Lightning Bolt           Conj/Air       #.........   93%         5    ######.


Dungeon Overview and Level Annotations

Branches:
Dungeon (2/15)

Altars:


Innate Abilities, Weirdness & Mutations

You cannot wear armour.
You are incapable of wielding weapons or throwing items.
Your paws allow you to move quietly. (Stealth)
You have sharp claws.
You have razor-sharp teeth.
You have supernaturally acute eyesight. (SInv)
You are carnivorous and can eat meat at any time.
You cover ground quickly.
You are covered in fur. (AC +1)
You have a slow metabolism.
Your sharp claws are effective at attacking unaware monsters.


Message History

Found 6 gold pieces.
Found an escape hatch in the floor.
Found a stone staircase leading up.
There is a stone staircase leading up here.
Aim: a gnoll, wielding a +0 halberd The zap misses the gnoll.
Aim: a gnoll, wielding a +0 halberd The zap hits the gnoll.
Aim: a gnoll, wielding a +0 halberd (lightly wounded)
The zap hits the gnoll.
Aim: a gnoll, wielding a +0 halberd (lightly wounded)
The zap hits the gnoll.
The zap hits the gnoll but does no damage.
Aim: a gnoll, wielding a +0 halberd (heavily wounded)
The zap hits the gnoll. x2; The gnoll closely misses you.
You climb upwards.
There is a stone staircase leading down here.
Eating one of 3 chunks of flesh.
You eat one of the 3 chunks of flesh.
This raw flesh tastes great.
There is a stone staircase leading down here.
You start resting.
You climb downwards.
Found an escape hatch in the ceiling.
There is a stone staircase leading up here.
Aim: a gnoll, wielding a +0 halberd (heavily wounded)
The zap hits the gnoll.
Aim: a gnoll, wielding a +0 halberd (severely wounded)
The zap hits the gnoll. x2; The gnoll closely misses you.
Aim: a gnoll, wielding a +0 halberd (almost dead)
You miscast Shock.
You are very lightly contaminated with residual magic.
Your hair stands on end.
Aim: a gnoll, wielding a +0 halberd (almost dead)
The zap misses the gnoll.
The gnoll misses you.
Aim: a gnoll, wielding a +0 halberd (severely wounded)
The zap misses the gnoll.
The zap hits the gnoll.
The gnoll barely misses you.
Aim: a gnoll, wielding a +0 halberd (severely wounded)
The zap hits the gnoll.
You climb upwards.
There is a stone staircase leading down here.
You climb downwards.
There is a stone staircase leading up here.
There are monsters nearby!
Okay, then.
Aim: a gnoll, wielding a +0 halberd (almost dead)
The zap misses the gnoll.
The gnoll shouts!
You hear a shout!
The gnoll misses you.
The gnoll hits you with a cursed -2 flail!
Ouch! That really hurt!
You die...

# ### . ..# #. .. #.# .# ##.## #.
#.# .. .##... #.# #.# ##
.###.##...###.# #.#
##.###..........@.#.#######.#
.........#...>..g.g.....g...#####
..# #...#.......<#.....g.<.....#
..####...#.##...###..##########.#
#........#.##g.. #..# #.#
..#####......$.# #..# #.#
.######..#.###.####..###### #.#
..g.....#...##.............# #.#
#######g..#.g..$.....#####.# #.#


You could see 3 gnolls.

Vanquished Creatures
  A dart slug (D:1)
  A leopard gecko (D:1)
  A giant cockroach (D:1)
  A goblin (D:2)
  2 hobgoblins (D:1)
  4 jackals (D:1)
  A bat (D:2)
  A frilled lizard (D:1)
  5 rats
17 creatures vanquished.

Notes
Turn   | Place    | Note
-------+----------+-------------------------------------------
     0 | D:1      | vurker the Felid Air Elementalist began the quest for the
                  | Orb.
     0 | D:1      | Reached XP level 1. HP: 7/7 MP: 4/4
    90 | D:1      | Reached skill level 1 in Conjurations
   456 | D:1      | Reached XP level 2. HP: 8/11 MP: 0/6
  1415 | D:2      | Slain by a gnoll

Levels and vault maps discovered:
D:1:      roderic_crop_circles_arrival_small, layout_basic, item_on_display_a
D:2:      layout_loops_ring, marbit_many_paths,
          nicolae_ru_great_annihilating_truth, eat_drink_and_be_merry_uskayaw,
          minmay_stone_trees_medium

Skill      XL: |  1 |
---------------+----+-----
Conjurations   | 1 |  1.4
Fighting       | |  0.6
Dodging        | |  2.9
Stealth        | |  2.6
Spellcasting   | |  2.2
Air Magic      | |  2.9

Action                   || total
-------------------------++-------
Melee: Unarmed           ||     7
       Bite              ||     1
 Cast: Shock             ||    45
  Eat: Chunk             ||     9
Armor: Skin              ||     1
Dodge: Dodged            ||    18
